 Dungeon Crawl Stone Soup version 0.30-b1-2-g02819fbbbe (webtiles) character file.

Game seed: 6803638979993680494

48 Metae the Covered (level 3, 0/33 HPs)
             Began as a Minotaur Fighter on June 15, 2023.
             Succumbed to Terence's poison
             ... on level 2 of the Dungeon.
             The game lasted 00:01:46 (432 turns).

Metae the Covered (Minotaur Fighter)                 Turns: 432, Time: 00:01:46

Health: 0/33       AC: 12    Str: 22    XL:     3   Next: 50%
Magic:  2/2        EV:  8    Int:  5    God:
Gold:   61         SH:  4    Dex:  9    Spells: 2/2 levels left

rFire   . . .        a - +0 flail
rCold   . . .        c - +0 buckler
rNeg    . . .        f - +3 chain mail
rPois   .            (helmet restricted)
rElec   .            (no cloak)
rCorr   .            (no gloves)
SInv    .            (no boots)
Will    .....        (no amulet) Stlth
                     (no ring)
HPRegen 0.25/turn    (no ring)
MPRegen 0.08/turn

%: no passive effects
@: mighty, lethally poisoned (0 -> -21)
A: horns 2, retaliatory headbutt
a: no special abilities


You were on level 2 of the Dungeon.
You visited 1 branch of the dungeon, and saw 2 of its levels.

You collected 61 gold pieces.

Inventory:

Hand Weapons
 a - a +0 flail (weapon)
Missiles
 i - 4 boomerangs (quivered)
 j - 5 poisoned darts
Armour
 b - a +0 scale mail
 c - a +0 buckler (worn)
 f - a +3 chain mail (worn)
Potions
 e - a potion of degeneration {unknown}
 g - a potion of invisibility {unknown}
 h - a potion of attraction {unknown}


   Skills:
 + Level 4.1 Fighting
 + Level 3.1 Maces & Flails
 + Level 4.2 Armour
 + Level 4.2 Shields


You had 2 spell levels left.
You didn't know any spells.
Your spell library was empty.

Dungeon Overview and Level Annotations

Branches:
Dungeon (1/15)

Altars:

Annotations:
D:2 Terence


Innate Abilities, Weirdness & Mutations

You have a pair of horns on your head.
You reflexively headbutt those who attack you in melee.


Message History

You start resting.
A goblin comes into view. It is wielding a +0 club.
The goblin barely misses you.
You see here the felid corpse of Natasha.
You block the goblin's attack.
You miss the goblin. The goblin hits you but does no damage.
You hit the goblin. You headbutt the goblin.
You kill the goblin!
Terence the Incautious comes into view.
He is wielding a +3 short sword of venom.
Found a gold piece.
Terence shouts!
Things that are here:
a +0 club; a throwing net You see here the felid corpse of Natasha.
You start resting.
Terence is nearby!
You hit Terence but do no damage.
Terence hits you with a +3 short sword of venom.
You are poisoned.
Terence barely misses you.
You hit Terence.
Terence is moderately wounded.
You feel very sick. Terence hits you but does no damage.
You are more poisoned.
You closely miss Terence.
Terence is moderately wounded.
You feel very sick.
Terence hits you with a +3 short sword of venom.
You are lethally poisoned!
You hit Terence but do no damage.
Terence is moderately wounded.
* * * LOW HITPOINT WARNING * * *
You feel very sick.
Terence hits you with a +3 short sword of venom.
* * * LOW HITPOINT WARNING * * *
Terence hits you but does no damage.
You are more poisoned.
You feel very mighty all of a sudden.
You die...

##### ####...# #
..#...# ....... #.
##.#...###..$.... ##..
+........+.......
.....##.....###.......
#.....................
#....####.......
##.....@#.......
#.#.##.@#
.....#..........
#.#.###......:...
#.#.# #.......... #
#.# #.......... .!.
........... ..
####+##..... .....


You could see Terence.

Vanquished Creatures
  Natasha (D:2)
  An adder (D:2)
  2 ball pythons
  A bat (D:1)
  A giant cockroach (D:1)
  A goblin (D:2)
  3 hobgoblins (D:1)
  A kobold (D:1)
  3 frilled lizards (D:1)
  A rat (D:1)
15 creatures vanquished.

Notes
Turn   | Place    | Note
-------+----------+-------------------------------------------
     0 | D:1      | Metae the Minotaur Fighter began the quest for the Orb.
     0 | D:1      | Reached XP level 1. HP: 19/19 MP: 0/0
   242 | D:1      | Reached XP level 2. HP: 25/27 MP: 1/1
   384 | D:1      | You fall into a shaft and drop 1 floor!
   390 | D:2      | Noticed Natasha
   406 | D:2      | Killed Natasha
   407 | D:2      | Reached XP level 3. HP: 22/33 MP: 2/2
   420 | D:2      | Noticed Terence
   432 | D:2      | Succumbed to Terence's poison

Illustrated notes

Levels and vault maps discovered:
D:1:      dreamdust_arrival_beginning_and_end, layout_basic
D:2:      layout_basic, minmay_split_cup_large, uniq_terence, uniq_natasha

Skill      XL: |  1  2 |
---------------+-------+-----
Armour         | 4 |  4.2
Shields        | 4 |  4.2
Fighting       | 4 |  4.1
Maces & Flails | 3 |  3.1

Action                     || total
---------------------------++-------
  Melee: Flail             ||    36
         Headbutt          ||     4
  Throw: Boomerang         ||     2
    Use: Potion            ||     1
 Armour: Chain mail        ||    21
  Dodge: Dodged            ||    13
  Block: Buckler           ||     7
